 Dungeon Crawl Stone Soup version 0.31-a0-233-g139696dc86 (webtiles) character file.

Game seed: 5734914759952285581

96 olmar the Covered (level 4, 0/40 HPs)
             Began as an Armataur Fighter on July 9, 2023.
             Was a Follower of Vehumet.
             Slain by an orc
             ... wielding a +2 vampiric morningstar
              (1 damage)
             ... on level 2 of the Dungeon.
             The game lasted 00:02:55 (1774 turns).

olmar the Covered (Armataur Fighter)                Turns: 1774, Time: 00:02:56

Health: 0/40       AC:  8    Str: 19 (23) XL:     4   Next: 41%
Magic:  4/4        EV:  5    Int:  6 (9)  God:    Vehumet [*.....]
Gold:   93         SH:  4    Dex:  7 (9)  Spells: 3/3 levels left

rFire   . . .        a - +0 flail
rCold   + . .        c - +0 buckler
rNeg    . . .        g - +0 chain mail
rPois   .            (no helmet)
rElec   .            (no cloak)
rCorr   .            (no gloves)
SInv    .            (no barding)
Will    .....        j - amulet of the acrobat Stlth
                     f - ring of protection from cold
HPRegen 0.26/turn    (no ring)
MPRegen 0.09/turn

%: acrobat, roll
@: no status effects
A: large, rugged brown scales 3, deformed body, armoured tail, roll, long
tongue, awkward tongue
a: Renounce Religion


You were on level 2 of the Dungeon.
You worshipped Vehumet.
Vehumet was aware of your devotion.
You visited 1 branch of the dungeon, and saw 3 of its levels.

You collected 93 gold pieces.

Inventory:

Hand Weapons
 a - a +0 flail (weapon)
Armour
 b - a +0 scale mail
 c - a +0 buckler (worn)
 g - a +0 chain mail (worn)
Jewellery
 f - a ring of protection from cold (left hand)
 j - an amulet of the acrobat (around neck)
Scrolls
 h - 3 scrolls of identify {unknown}
 l - a scroll of fog {unknown}
 m - 3 scrolls of noise {unknown}
 n - a scroll of acquirement {unknown}
 p - a scroll of poison {unknown}
 q - a scroll of butterflies {unknown}
Potions
 d - a potion of might


   Skills:
 + Level 3.2 Fighting
 + Level 2.9 Maces & Flails
 + Level 4.4 Armour
 + Level 3.8 Shields


You had 3 spell levels left.
You didn't know any spells.
Your spell library was empty.

Dungeon Overview and Level Annotations

Branches:
Dungeon (3/15)

Altars:
Vehumet

Shops:
D:1 *

Annotations:
D:3 1 transporter, Tocho's ghost, amateur OgRe


Innate Abilities, Weirdness & Mutations

You are completely covered in rugged brown scales. (AC +3, +7% HP)
Armour fits poorly on your strangely shaped body.
You have a long armoured tail.
You roll when moving toward enemies. (Rampage)
Your long tongue fully drains potion bottles. (2x potion effects)
Your tongue gives you trouble enunciating. (1.5x scroll delay)


Message History

Unknown command.
You sock the kobold!
You kill the kobold!
Vehumet accepts your kill. The orc hits you but does no damage.
You barely miss the orc.
Your tail-slap misses the orc.
The orc hits you but does no damage. The orc hits you with a +0 short sword.
You hit the orc. You tail-slap the orc.
You kill the orc!
Vehumet accepts your kill.
The orc yells repeatedly.
You block the orc's attack.
The orc hits you with a +2 vampiric morningstar!
You barely miss the orc. You block the orc's attack.
The orc hits you but does no damage.
You closely miss the orc.
Your tail-slap misses the orc.
The orc hits you but does no damage.
The orc hits you with a +2 vampiric morningstar!
* * * LOW HITPOINT WARNING * * *
You hit the orc.
The orc is moderately wounded.
The orc hits you with a +0 flail.
* * * LOW HITPOINT WARNING * * *
The orc hits you with a +2 vampiric morningstar.
* * * LOW HITPOINT WARNING * * *
The orc hits you but does no damage. You block the orc's attack.
Unknown command.
You hit the orc but do no damage. The orc barely misses you.
You block the orc's attack.
You barely miss the orc.
Your tail-slap misses the orc.
You block the orc's attack. The orc completely misses you.
Unknown command.
You barely miss the orc. The orc barely misses you. The orc closely misses you.
Unknown command.
You closely miss the orc. You tail-slap the orc.
The orc is lightly wounded.
The orc hits you with a +0 flail.
* * * LOW HITPOINT WARNING * * *
The orc hits you with a +2 vampiric morningstar.
You die...

######## .......#
######.#
.#####.###########
...............o@#
.#####.#########o#
.# #....# #.# .#
#....# #.# .#
#....# #.# .#
#....# #.# ##
##.### #.#
##.###### #.#
#.......# #.#


You could see 2 orcs.

Vanquished Creatures
  An orc wizard (D:3)
  3 adders (D:2)
  4 orcs (D:2)
  5 ball pythons
  5 bats
  3 endoplasms
  2 giant cockroaches
  3 goblins
  3 hobgoblins (D:1)
  2 quokkas (D:1)
  2 frilled lizards (D:1)
  3 kobolds
  4 rats
40 creatures vanquished.

Notes
Turn   | Place    | Note
-------+----------+-------------------------------------------
     0 | D:1      | olmar the Armataur Fighter began the quest for the Orb.
     0 | D:1      | Reached XP level 1. HP: 19/19 MP: 1/1
    72 | D:1      | Reached XP level 2. HP: 24/26 MP: 2/2
   221 | D:1      | Reached skill level 4 in Armour
   240 | D:1      | Found a faded altar of an unknown god.
   260 | D:1      | Prayed at the altar of an unknown god.
   260 | D:1      | Became a worshipper of Vehumet
   260 | D:1      | Reached * piety under Vehumet
   260 | D:1      | Offered knowledge of Freeze by Vehumet.
   354 | D:1      | Found Nuacwivyw's Assorted Antiques.
  1022 | D:2      | Reached XP level 3. HP: 33/33 MP: 3/3
  1476 | D:3      | Reached XP level 4. HP: 35/40 MP: 4/4
  1496 | D:3      | Found a transporter.
  1525 | D:3      | Noticed Tocho's ghost (amateur OgRe)
  1770 | D:2      | HP: 2/40 [orc/+2 vampiric morningstar (5)]
  1774 | D:2      | Slain by an orc

Illustrated notes

Levels and vault maps discovered:
D:1:      ldierk_walled_garden_2, layout_basic, serial_shops, shop,
          hellmonk_ecumenical_altar_heavens_door
D:2:      layout_basic, kennysheep_cross_room
D:3:      layout_rooms, overflow_temple_1_default, gammafunk_ghost_stat_death

Skill      XL: |  1  2 |
---------------+-------+-----
Maces & Flails | 2 |  2.9
Armour         | 4 |  4.4
Fighting       | 3 |  3.2
Shields        | |  3.8

Action                     |  1- 3 |  4- 6 || total
---------------------------+-------+-------++-------
  Melee: Flail             |    97 |    30 ||   127
         Tailslap          |     6 |     3 ||     9
    Use: Scroll            |     1 |     1 ||     2
         Potion            |     2 |     1 ||     3
 Armour: Scale mail        |    38 |       ||    38
         Chain mail        |    37 |    35 ||    72
  Dodge: Dodged            |    58 |    17 ||    75
  Block: Buckler           |    26 |    15 ||    41

Table legend: (Time is in decaauts)
 A = Elapsed time spent in this place.
 B = Non-inter-level travel time spent in this place.
 C = Inter-level travel time spent in this place.
 D = Time resting spent in this place.
 E = Time spent auto-exploring this place.
 F = Levels seen in this place.
 G = Mean time per level.
                   A        B        C        D        E       F      G
               +--------+--------+--------+--------+--------+-----+--------+
         Total |   1825 |   1691 |    134 |    296 |    990 |   3 |  608.3 |
       Dungeon |   1825 |   1691 |    134 |    296 |    990 |   3 |  608.3 |
               +--------+--------+--------+--------+--------+-----+--------+

Top non-repeatable levels by time:
     D:2: 1089 daAuts
     D:1: 624 daAuts
     D:3: 112 daAuts
